[Event "ICC tourney 1923 (15 5)"]
[Site "Internet Chess Club"]
[Date "2020.07.17"]
[Round "5"]
[White "thanhcaptures"]
[Black "Queen2812"]
[Result "1-0"]
[ICCResult "Black checkmated"]
[WhiteElo "1372"]
[BlackElo "1327"]
[Opening "Sicilian defense"]
[ECO "B30"]
[NIC "SI.31"]
[Time "16:13:16"]
[TimeControl "900+5"]

1. e4 c5 2. Nf3 Nc6 3. c3 g6 4. d4 cxd4 5. cxd4 Bg7 6. Bc4 e6 7. O-O Nge7 8.
d5 Na5 9. Be2 exd5 10. exd5 O-O 11. Be3 Bxb2 12. Bd4 Bxa1 13. Bxa1 b6 14.
Qd2 Nf5 15. g4 Ng7 16. Qh6 f6 17. g5 Nf5 18. Qh3 fxg5 19. Bd3 Ng7 20. Qh6
Rf7 21. Nxg5 Nf5 22. Bxf5 gxf5 23. Nxf7 Kxf7 24. Qxh7+ Ke8 25. Qg8+ Ke7 26.
Bf6+ Kxf6 27. Qxd8+ Kf7 28. h4 Nb7 29. Qc7 Kg6 30. Qg3+ Kh5 31. Qg5#
{Black checkmated}
1-0

[Event "ICC tourney 1923 (15 5)"]
[Site "Internet Chess Club"]
[Date "2020.07.17"]
[Round "5"]
[White "Yeetamus123"]
[Black "megahertz13"]
[Result "0-1"]
[ICCResult "White checkmated"]
[WhiteElo "1379"]
[BlackElo "1495"]
[Opening "Scotch: Potter variation"]
[ECO "C45"]
[NIC "SO.05"]
[Time "16:13:22"]
[TimeControl "900+5"]

1. e4 e5 2. Nf3 Nc6 3. d4 exd4 4. Nxd4 Bc5 5. Nb3 Bb6 6. Nc3 h6 7. Qf3 Nf6
8. Bc4 Ne5 9. Qe2 Nxc4 10. Qxc4 O-O 11. Bf4 Re8 12. f3 d5 13. Qe2 dxe4 14.
fxe4 Bg4 15. Qc4 Qe7 16. Nd2 Nh5 17. g3 Nxf4 18. gxf4 Qh4+ 19. Kf1 Qf2#
{White checkmated}
0-1

[Event "ICC tourney 1923 (15 5)"]
[Site "Internet Chess Club"]
[Date "2020.07.17"]
[Round "5"]
[White "Andrew588"]
[Black "amdink"]
[Result "0-1"]
[ICCResult "White checkmated"]
[WhiteElo "1368"]
[BlackElo "1543"]
[Opening "King's pawn game"]
[ECO "C44"]
[NIC "KP.07"]
[Time "16:13:27"]
[TimeControl "900+5"]

1. e4 e5 2. Nf3 Nc6 3. d3 h6 4. g3 Bc5 5. Bg2 Nf6 6. O-O O-O 7. Be3 Bb6 8.
Nc3 d6 9. Nd5 Nxd5 10. exd5 Nd4 11. Nxd4 exd4 12. Bf4 Re8 13. Re1 Ba5 14.
Bd2 Bxd2 15. Qxd2 Bf5 16. h3 Qf6 17. g4 Bg6 18. Be4 Bxe4 19. dxe4 c6 20.
dxc6 bxc6 21. f4 Qh4 22. Qxd4 Qg3+ 23. Kf1 Qxh3+ 24. Kg1 Qxg4+ 25. Kh1 Qxf4
26. Rf1 Qxe4+ 27. Qxe4 Rxe4 28. Rad1 d5 29. Rf3 Re2 30. Rdf1 f6 31. Rc3 Rb8
32. b3 Rc8 33. Rf4 Rd2 34. Ra4 Re8 35. Rxa7 Re1# {White checkmated} 0-1

[Event "ICC tourney 1923 (15 5)"]
[Site "Internet Chess Club"]
[Date "2020.07.17"]
[Round "5"]
[White "nguyencaptures"]
[Black "funstyle"]
[Result "1-0"]
[ICCResult "Black checkmated"]
[WhiteElo "1262"]
[BlackElo "1327"]
[Opening "French: exchange variation"]
[ECO "C01"]
[NIC "FR.01"]
[Time "16:13:18"]
[TimeControl "900+5"]

1. e4 e6 2. d4 d5 3. exd5 exd5 4. Nf3 Nf6 5. Bd3 Bb4+ 6. Nc3 O-O 7. O-O Bg4
8. Bd2 Re8 9. a3 Ba5 10. Re1 Rxe1+ 11. Bxe1 Ne4 12. Nxe4 Bxe1 13. Qxe1 dxe4
14. Bxe4 Nc6 15. Bxc6 bxc6 16. Ne5 Qxd4 17. Nxg4 Qxg4 18. Rd1 h6 19. f3 Qe6
20. Qxe6 fxe6 21. Rd7 Rc8 22. Kf2 Kf8 23. Ke3 g6 24. Rh7 Kg8 25. Rxh6 Kg7
26. Rh4 Rb8 27. b3 Rb5 28. Rb4 Re5+ 29. Kf2 Rb5 30. Rxb5 cxb5 31. Ke3 Kf6
32. Kd4 e5+ 33. Kc5 Kf5 34. Kxb5 Kf4 35. Kc6 Ke3 36. Kxc7 Kd2 37. c4 Kc3 38.
c5 Kxb3 39. c6 Kxa3 40. Kb7 Kb4 41. c7 a5 42. c8=Q a4 43. Qa8 a3 44. Kb6 Kb3
45. Kb5 a2 46. Qa4+ Kb2 47. Qb4+ Ka1 48. Ka4 e4 49. Ka3 exf3 50. Qb2#
{Black checkmated}
1-0

[Event "ICC tourney 1923 (15 5)"]
[Site "Internet Chess Club"]
[Date "2020.07.17"]
[Round "5"]
[White "ZSChess09"]
[Black "FlowingMelody"]
[Result "1-0"]
[ICCResult "Black resigns"]
[WhiteElo "1635"]
[BlackElo "1309"]
[Opening "Scotch: Schmidt variation"]
[ECO "C45"]
[NIC "SO.04"]
[Time "16:14:04"]
[TimeControl "900+5"]

1. e4 e5 2. Nf3 Nc6 3. d4 exd4 4. Nxd4 Nf6 5. Nxc6 bxc6 6. Bd3 Bc5 7. e5 Nd5
8. Qg4 g6 9. O-O d6 10. Qa4 Ne7 11. Bh6 Bd4 12. Qxd4 c5 13. Qc3 Nd5 14. Bb5+
Bd7 15. exd6 Nxc3 16. Re1+ Qe7 17. Rxe7+ Kd8 18. Rxd7+ Kc8 19. Rxc7+ Kb8 20.
Nxc3 Rd8 21. Rxf7 Rxd6 22. Bf4 {Black resigns} 1-0

[Event "ICC tourney 1923 (15 5)"]
[Site "Internet Chess Club"]
[Date "2020.07.17"]
[Round "5"]
[White "auggie29"]
[Black "savagefire"]
[Result "1-0"]
[ICCResult "Black resigns"]
[WhiteElo "1245"]
[BlackElo "1115"]
[Opening "Queen's bishop game"]
[ECO "D00"]
[NIC "QP.08"]
[Time "16:13:23"]
[TimeControl "900+5"]

1. d4 d5 2. Bf4 Nf6 3. Nf3 e6 4. e3 Be7 5. Be2 O-O 6. O-O Nc6 7. c4 Bd7 8.
Nc3 Bd6 9. cxd5 exd5 10. Bg5 Be7 11. Bxf6 Bxf6 12. Nxd5 Be6 13. Nc3 Qd7 14.
d5 Bxd5 15. Nxd5 Rad8 16. Nxf6+ gxf6 17. Qxd7 Rxd7 18. Bb5 a6 19. Bxc6 bxc6
20. Rac1 Rd6 21. Nd4 Rb8 22. Rxc6 Rxc6 23. Nxc6 Rxb2 24. a4 Ra2 25. a5 Kf8
26. Rc1 Ke8 27. g3 Kd7 28. Nb8+ Kc8 29. Nxa6 Rxa5 30. Nxc7 Ra2 31. Ne8+ Kd7
32. Nxf6+ Ke6 33. Nxh7 Ra5 34. Rc6+ Ke7 35. Nf6 Ra2 36. h4 Ra5 37. h5 Rf5
38. g4 Rxf6 39. Rxf6 Kxf6 40. Kg2 Kg5 41. Kg3 Kh6 42. Kf4 Kg7 43. g5 Kh7 44.
Kf5 Kg7 45. g6 fxg6+ 46. hxg6 Kg8 47. Kf6 Kf8 48. e4 Kg8 49. e5 {Black
resigns} 1-0

[Event "ICC tourney 1923 (15 5)"]
[Site "Internet Chess Club"]
[Date "2020.07.17"]
[Round "5"]
[White "agrimjax1"]
[Black "strongcarrot"]
[Result "1-0"]
[ICCResult "Black resigns"]
[WhiteElo "1464"]
[BlackElo "1427"]
[Opening "Giuoco Pianissimo: Italian four knights variation"]
[ECO "C55"]
[NIC "IG.01"]
[Time "16:13:47"]
[TimeControl "900+5"]

1. e4 e5 2. Nf3 Nc6 3. Bc4 Nf6 4. d3 Bc5 5. Nc3 d6 6. h3 Be6 7. Bg5 Bxc4 8.
dxc4 h6 9. Bxf6 Qxf6 10. O-O O-O-O 11. Nd5 Qg6 12. Qe1 Rhe8 13. b4 Bb6 14.
a4 a6 15. Nxb6+ cxb6 16. b5 Na5 17. bxa6 bxa6 18. Rb1 Kc7 19. Qb4 Rb8 20.
Rfd1 Red8 21. Nxe5 dxe5 22. Qe7+ Kc6 23. Rxd8 Rxd8 24. Qxd8 Qd6 25. Rxb6+
{Black resigns}
1-0

[Event "ICC tourney 1923 (15 5)"]
[Site "Internet Chess Club"]
[Date "2020.07.17"]
[Round "5"]
[White "HappyLunchBox"]
[Black "Phineashrad"]
[Result "1-0"]
[ICCResult "Black checkmated"]
[WhiteElo "1133"]
[BlackElo "1174"]
[Opening "Giuoco Piano"]
[ECO "C54"]
[NIC "IG.02"]
[Time "16:13:17"]
[TimeControl "900+5"]

1. e4 e5 2. Nf3 Nc6 3. Bc4 Bc5 4. c3 Nf6 5. d4 exd4 6. cxd4 Bb4+ 7. Bd2
Bxd2+ 8. Nbxd2 O-O 9. O-O d6 10. h3 Na5 11. Qc2 Nxc4 12. Nxc4 d5 13. exd5
Nxd5 14. Rfe1 Nb4 15. Qd2 a5 16. Nxa5 Rxa5 17. Qxb4 Ra6 18. Qd2 Rd6 19. Qe3
Re6 20. Qd2 Rxe1+ 21. Rxe1 Re8 22. Rxe8+ Qxe8 23. Qf4 Qe7 24. Kf1 b6 25. Ne5
Ba6+ 26. Kg1 f6 27. Nc6 Qe1+ 28. Kh2 Bb7 29. Qxc7 Bxc6 30. Qxc6 Qxf2 31.
Qe8# {Black checkmated} 1-0

[Event "ICC tourney 1923 (15 5)"]
[Site "Internet Chess Club"]
[Date "2020.07.17"]
[Round "5"]
[White "arjunk2011"]
[Black "ChessStar22"]
[Result "0-1"]
[ICCResult "White checkmated"]
[WhiteElo "1185"]
[BlackElo "1341"]
[Opening "English: Caro-Kann defensive system"]
[ECO "A11"]
[NIC "EO.64"]
[Time "16:14:04"]
[TimeControl "900+5"]

1. c4 c6 2. d3 d5 3. b3 Nf6 4. f3 Bf5 5. e4 dxe4 6. fxe4 Bg4 7. Ne2 e6 8. g3
Bb4+ 9. Bd2 Bxd2+ 10. Qxd2 Bxe2 11. Qxe2 Nbd7 12. Bg2 Nc5 13. Bf1 O-O 14.
Nc3 Qd7 15. Qe3 b6 16. d4 Nb7 17. Bg2 Rfd8 18. e5 Ng4 19. Qe2 Qxd4 20. Rc1
Qxe5 21. Qxe5 Nxe5 22. O-O Rac8 23. Rcd1 Rxd1 24. Rxd1 Rd8 25. Rxd8+ Nxd8
26. Kf2 c5 27. Ke3 f5 28. Nb5 a5 29. Bf3 Kf7 30. Nc7 g5 31. Na8 Nd7 32. h3
Kg6 33. g4 f4+ 34. Kf2 e5 35. Be4+ Kg7 36. Kf3 Ne6 37. Bd5 Nd4+ 38. Kf2 Nc2
39. Ke2 Nb4 40. a4 Nxd5 41. cxd5 e4 42. Kf2 Kf6 43. h4 gxh4 44. Nxb6 Nxb6
45. d6 h3 46. Kg1 e3 47. g5+ Kxg5 48. b4 cxb4 49. d7 Nxd7 50. Kf1 h2 51. Kg2
e2 52. Kh3 h1=Q# {White checkmated} 0-1

[Event "ICC tourney 1923 (15 5)"]
[Site "Internet Chess Club"]
[Date "2020.07.17"]
[Round "5"]
[White "royayush"]
[Black "AJRChess2011"]
[Result "0-1"]
[ICCResult "White checkmated"]
[WhiteElo "1359"]
[BlackElo "1476"]
[Opening "King's Indian: Larsen variation"]
[ECO "E90"]
[NIC "KI.21"]
[Time "16:13:24"]
[TimeControl "900+5"]

1. d4 Nf6 2. c4 g6 3. Nc3 Bg7 4. e4 O-O 5. Nf3 d6 6. Be3 Nbd7 7. Bd3 c5 8.
dxc5 Nxc5 9. Bxc5 dxc5 10. O-O Bg4 11. h3 Bd7 12. Qe2 a5 13. Rad1 a4 14. Bc2
a3 15. b3 Qc7 16. e5 Ne8 17. Nd5 Qd8 18. Qe3 e6 19. Nf4 Qc7 20. Nd3 b6 21.
Nd2 Bc6 22. b4 cxb4 23. Nxb4 Rd8 24. Nxc6 Qxc6 25. Qxa3 Bxe5 26. Nf3 Bd6 27.
Qa4 Qxa4 28. Bxa4 Nf6 29. Nd4 Bc5 30. Nb3 Bb4 31. Rxd8 Rxd8 32. Bb5 Ne4 33.
Re1 Bxe1 34. Kf1 Bxf2 35. Bc6 Rd1+ 36. Ke2 Re1+ 37. Kf3 Re3+ 38. Kf4 f6 39.
Bxe4 e5+ 40. Kg4 h5# {White checkmated} 0-1

[Event "ICC tourney 1923 (15 5)"]
[Site "Internet Chess Club"]
[Date "2020.07.17"]
[Round "5"]
[White "JCJ2018"]
[Black "stephenwilly"]
[Result "0-1"]
[ICCResult "White checkmated"]
[WhiteElo "1679"]
[BlackElo "1612"]
[Opening "Giuoco Pianissimo"]
[ECO "C50"]
[NIC "IG.02"]
[Time "16:13:41"]
[TimeControl "900+5"]

1. e4 e5 2. Nf3 Nc6 3. Bc4 Bc5 4. d3 Nf6 5. Bg5 d6 6. h3 h6 7. Bh4 g5 8. Bg3
Nh5 9. Bh2 Nf4 10. Nc3 Nxg2+ 11. Kf1 Nf4 12. Bxf4 gxf4 13. Rg1 Bxh3+ 14. Ke2
Nd4+ 15. Nxd4 Bxd4 16. f3 Qh4 17. Qe1 Qh5 18. Rg7 Rf8 19. Nd5 O-O-O 20. c3
f5 21. Rxc7+ Kb8 22. cxd4 fxe4 23. dxe4 Bg2 24. Ba6 Qxf3+ 25. Kd2 bxa6 26.
Kc1 Ka8 27. Qb4 Rb8 28. Qd2 Qxe4 29. Nc3 Qxd4 30. Qxd4 exd4 31. Ne2 f3 32.
Ng3 Rg8 33. Ne4 Rbe8 34. Nd2 Re1+ 35. Kc2 Rxa1 36. a3 f2 37. Rd7 Be4+ 38.
Kb3 Rd1 39. Nxe4 f1=Q 40. Nxd6 Qh3+ 41. Kc4 Qxd7 42. Kc5 Rg5+ 43. Kc4 Qc6+
44. Kb3 Qxd6 45. a4 Rg3+ 46. Kc4 Kb7 47. a5 Kc6 48. b3 Rc3# {White
checkmated} 0-1

[Event "ICC tourney 1923 (15 5)"]
[Site "Internet Chess Club"]
[Date "2020.07.17"]
[Round "5"]
[White "aidaamin"]
[Black "aadihetamsaria"]
[Result "0-1"]
[ICCResult "White checkmated"]
[WhiteElo "1349"]
[BlackElo "1447"]
[Opening "Scandinavian (center counter) defense"]
[ECO "B01"]
[NIC "SD.01"]
[Time "16:13:15"]
[TimeControl "900+5"]

1. e4 d5 2. exd5 Qxd5 3. Nc3 Qa5 4. Nf3 Nf6 5. d4 Bg4 6. Be2 e6 7. a3 Nbd7
8. Be3 c6 9. h3 Bh5 10. O-O O-O-O 11. Qd3 Bd6 12. Qc4 Qc7 13. Qb3 Nb6 14.
Na4 Nfd5 15. Nxb6+ Nxb6 16. a4 Rhe8 17. a5 Nd5 18. c4 Nxe3 19. fxe3 Bg3 20.
c5 e5 21. Qc4 e4 22. Nd2 Bh2+ 23. Kh1 Bxe2 24. Qxe2 Bg3 25. Qg4+ Kb8 26. b3
g6 27. Rfd1 f5 28. Qg5 f4 29. Nf1 Bf2 30. Qxf4 Qxf4 31. exf4 Bxd4 32. Rac1
e3 33. Re1 e2 34. Ng3 Bf2 35. Rxe2 Bxg3 36. Rxe8 Rxe8 37. Rf1 Re1 38. Rxe1
Bxe1 39. Kg1 Bg3 40. Kf1 Bxf4 41. Ke2 Kc7 42. Kd3 b6 43. cxb6+ axb6 44. a6
b5 45. Kd4 Kb6 46. Ke4 Bh6 47. Ke5 Kxa6 48. Kd6 Kb6 49. g3 Be3 50. g4 h5 51.
gxh5 gxh5 52. Ke5 h4 53. Ke4 Bf2 54. Kd3 Bg3 55. Kc3 Ka5 56. Kb2 Kb4 57. Kc2
c5 58. Kb2 c4 59. bxc4 bxc4 60. Kc2 c3 61. Kc1 Kb3 62. Kb1 c2+ 63. Kc1 Bf4#
{White checkmated}
0-1

[Event "ICC tourney 1923 (15 5)"]
[Site "Internet Chess Club"]
[Date "2020.07.17"]
[Round "5"]
[White "rjaichand"]
[Black "Rayhan2020"]
[Result "1/2-1/2"]
[ICCResult "Game drawn because neither player has mating material"]
[WhiteElo "1401"]
[BlackElo "1423"]
[Opening "King's pawn game"]
[ECO "C50"]
[NIC "IG.03"]
[Time "16:13:22"]
[TimeControl "900+5"]

1. e4 e5 2. Nf3 Nc6 3. Bc4 h6 4. c3 Nf6 5. d3 d6 6. Be3 d5 7. exd5 Nxd5 8.
Qb3 Be6 9. Qd1 Nxe3 10. fxe3 Bxc4 11. dxc4 Qxd1+ 12. Kxd1 O-O-O+ 13. Ke2 g5
14. h3 f5 15. Nbd2 e4 16. Nd4 Nxd4+ 17. cxd4 Re8 18. Rhf1 Bd6 19. Rxf5 Rhg8
20. c5 Bf8 21. h4 gxh4 22. Rf4 Rxg2+ 23. Kd1 h3 24. Kc2 b6 25. cxb6 cxb6 26.
Rh1 h2 27. Rh4 Bd6 28. Kc3 Rf8 29. Rxh6 Rff2 30. Nf1 Bc7 31. Rc6 Kb7 32. Rh6
Rg1 33. Rh7 Rxh1 34. Ng3 Rg1 35. Nxe4 h1=Q 36. Rxh1 Rxh1 37. Nxf2 Rh2 38.
Nd3 Rh3 39. e4 Re3 40. e5 Kc6 41. Kd2 Re4 42. Nb4+ Kb5 43. Kd3 Re1 44. Nc2
Rd1+ 45. Ke4 Rd2 46. Na3+ Kc6 47. Nc4 Re2+ 48. Kd3 Re1 49. Kd2 Re4 50. Kd3
Re1 51. Kd2 Re4 52. Kd3 Re1 53. Kd2 Rh1 54. Kd3 Rh7 55. Ke4 Rf7 56. d5+ Kc5
57. b3 b5 58. e6 Re7 59. d6 Bxd6 60. Nxd6 Kxd6 61. Kd4 Rxe6 62. Kc3 Re7 63.
Kb4 Rb7 64. a3 a6 65. a4 bxa4+ 66. Kxa4 Rb6 67. b4 a5 68. bxa5 Ra6 69. Kb5
Ra8 70. Kb6 Rb8+ 71. Ka7 Rb5 72. a6 Ra5 73. Kb7 Kc5 74. a7 Rxa7+ 75. Kxa7
{Game drawn because neither player has mating material}
1/2-1/2

[Event "ICC tourney 1923 (15 5)"]
[Site "Internet Chess Club"]
[Date "2020.07.17"]
[Round "5"]
[White "dhroov"]
[Black "cheesehead146"]
[Result "1-0"]
[ICCResult "Black forfeits on time"]
[WhiteElo "1397"]
[BlackElo "1243"]
[Opening "Giuoco Piano"]
[ECO "C54"]
[NIC "IG.02"]
[Time "16:13:25"]
[TimeControl "900+5"]

1. e4 e5 2. Nf3 Nc6 3. Bc4 Bc5 4. c3 Nf6 5. d4 exd4 6. cxd4 Bb4+ 7. Bd2 Nxe4
8. Bxf7+ Kxf7 9. Qb3+ d5 10. Bxb4 Nxb4 11. Qxb4 Re8 12. O-O Kg8 13. Re1 Qf6
14. Nc3 Qg6 15. Nxd5 Nd6 16. Rxe8+ Qxe8 17. Nxc7 Qc6 18. Nxa8 b6 19. Nxb6
axb6 20. h3 Bb7 21. Qb3+ Nf7 22. Qc3 Qd7 23. Ne5 Nxe5 24. dxe5 Qe7 25. f3
Ba6 26. Re1 Qe6 27. Qd4 Bc8 28. Qd6 Qxa2 29. Qd8+ Kf7 30. Qxc8 Qxb2 31. e6+
Ke7 32. Qd7+ Kf6 33. e7 Qb4 34. Qe6+ Kg5 35. e8=Q Qc5+ 36. Qe3+ Qxe3+ 37.
Qxe3+ Kg6 38. Qe8+ Kh6 39. Re6+ g6 40. Qf8+ Kh5 41. g4+ {Black forfeits on
time} 1-0

[Event "ICC tourney 1923 (15 5)"]
[Site "Internet Chess Club"]
[Date "2020.07.17"]
[Round "5"]
[White "askuo"]
[Black "oxdidi"]
[Result "0-1"]
[ICCResult "White checkmated"]
[WhiteElo "1057"]
[BlackElo "1257"]
[Opening "Giuoco Piano"]
[ECO "C54"]
[NIC "IG.02"]
[Time "16:22:05"]
[TimeControl "900+5"]

1. e4 e5 2. Nf3 Nc6 3. Bc4 Bc5 4. c3 Nf6 5. d4 exd4 6. cxd4 Bb4+ 7. Nc3 Nxe4
8. O-O Bxc3 9. bxc3 Nxc3 10. Qb3 d5 11. Bb5 Nxb5 12. Qxb5 O-O 13. Re1 Nxd4
14. Nxd4 Qf6 15. Bb2 Qg6 16. Qxd5 c6 17. Qb3 Bh3 18. g3 Qg4 19. Qf3 Qd7 20.
Rad1 Bg4 21. Qd3 Bxd1 22. Rxd1 Rad8 23. Qc3 c5 24. Qxc5 Rc8 25. Qb4 Rfd8 26.
Rd2 Qg4 27. Qxb7 Rb8 28. Qxa7 h6 29. Bc3 Rb1+ 30. Kg2 Qe4+ 31. f3 Qe1 32.
Qa5 Qf1# {White checkmated} 0-1

[Event "ICC tourney 1923 (15 5)"]
[Site "Internet Chess Club"]
[Date "2020.07.17"]
[Round "5"]
[White "Kamatchimuthu"]
[Black "Cougar2020"]
[Result "0-1"]
[ICCResult "White checkmated"]
[WhiteElo "1337"]
[BlackElo "1402"]
[Opening "QGD Slav: 4.e3 Bf5"]
[ECO "D12"]
[NIC "SL.01"]
[Time "16:13:29"]
[TimeControl "900+5"]

1. d4 d5 2. c4 c6 3. e3 Nf6 4. Nf3 Bf5 5. Nc3 a6 6. Be2 Nbd7 7. O-O e6 8.
Bd3 Bxd3 9. Qxd3 Qc7 10. e4 dxe4 11. Nxe4 Nxe4 12. Qxe4 Nf6 13. Qd3 Be7 14.
Bg5 h6 15. Bh4 O-O 16. Bg3 Qb6 17. c5 Qb5 18. Qe3 Rad8 19. a4 Qa5 20. Rfb1
Nd5 21. Qd3 Nb4 22. Qc3 b5 23. Nd2 bxa4 24. Nc4 Qb5 25. Ra3 Nd5 26. Qc2 Nf6
27. b3 Rxd4 28. Be5 Re4 29. Bxf6 Bxf6 30. Qxe4 Rd8 31. bxa4 Qb7 32. Rxb7
Rd1+ 33. Qe1 Rxe1# {White checkmated} 0-1

[Event "ICC tourney 1923 (15 5)"]
[Site "Internet Chess Club"]
[Date "2020.07.17"]
[Round "5"]
[White "RhysieB"]
[Black "UltimateDL"]
[Result "1-0"]
[ICCResult "Black forfeits on time"]
[WhiteElo "1348"]
[BlackElo "1278"]
[Opening "Sicilian: accelerated fianchetto, modern variation with Bc4"]
[ECO "B35"]
[NIC "SI.33"]
[Time "16:13:20"]
[TimeControl "900+5"]

1. e4 c5 2. Nf3 Nc6 3. d4 cxd4 4. Nxd4 g6 5. Nc3 Bg7 6. Be3 Nf6 7. Bc4 O-O
8. Qd2 Ng4 9. h3 Nxe3 10. fxe3 Qb6 11. O-O-O d6 12. Nb3 Na5 13. Nd5 Nxb3+
14. Bxb3 Qd8 15. h4 h5 16. Rdg1 b6 17. Qe2 e6 18. Nf4 Bb7 19. Qd3 Be5 20. g4
hxg4 21. Rxg4 Kg7 22. h5 Rh8 23. Bxe6 Bxf4 24. Bxf7 Be5 25. Bxg6 Kh6 26. Bf5
Rg8 27. Rg6+ Rxg6 28. hxg6+ Kg7 29. Rh7+ Kf8 30. Rxb7 Qh4 31. Rf7+ Kg8 32.
Qd2 Qh1+ 33. Qd1 Bxb2+ 34. Kd2 Bc3+ 35. Ke2 Qxd1+ 36. Kxd1 Be5 37. Be6 Re8
38. Re7+ Kf8 39. Rxe8+ Kxe8 40. Bf7+ Ke7 41. Kd2 Kf6 42. Kd3 b5 43. c4 b4
44. Kc2 Bc3 45. a3 a5 46. Be8 Ke7 47. e5 {Black forfeits on time} 1-0

[Event "ICC tourney 1923 (15 5)"]
[Site "Internet Chess Club"]
[Date "2020.07.17"]
[Round "5"]
[White "NK2007"]
[Black "chessisfunsp"]
[Result "1/2-1/2"]
[ICCResult "Game drawn by repetition"]
[WhiteElo "1194"]
[BlackElo "1679"]
[Opening "King's Indian: Smyslov system"]
[ECO "E61"]
[NIC "KI.76"]
[Time "16:13:42"]
[TimeControl "900+5"]

1. d4 Nf6 2. c4 g6 3. Nc3 d6 4. Nf3 Bg7 5. Bg5 Nc6 6. e3 O-O 7. Bd3 Nb4 8.
Qd2 Nxd3+ 9. Qxd3 c6 10. O-O Qb6 11. Qe2 Be6 12. e4 Qb4 13. d5 Bg4 14. a3
Qb3 15. a4 h6 16. Be3 Rfc8 17. a5 cxd5 18. cxd5 Rxc3 19. bxc3 Nxe4 20. Qd3
Nxc3 21. Rab1 Qxd5 22. Qxd5 Nxd5 23. Rxb7 a6 24. Rfb1 Kh7 25. Rb8 Rxb8 26.
Rxb8 Bf5 27. Bd4 g5 28. Bxg7 Kxg7 29. Nd4 Bd3 30. f3 f5 31. Kf2 f4 32. g3
fxg3+ 33. hxg3 h5 34. f4 gxf4 35. Ne6+ Kf6 36. Nxf4 Nxf4 37. gxf4 Be4 38.
Rf8+ Kg7 39. Rb8 Kf6 40. Rb6 Bd3 41. Ke3 Bc4 42. Rc6 Bb5 43. Rb6 Bc4 44. Rc6
Bb5 45. Rc8 Kg7 46. Rb8 Bc4 47. Kd4 Bf1 48. Ke4 h4 49. Kf3 h3 50. Rb2 Kf6
51. Rb8 Ke6 52. Rh8 Kf7 53. Kg3 Bg2 54. Rh6 Kg8 55. Re6 Kf8 56. Kf2 Kf7 57.
f5 Bd5 58. Rh6 Bg2 59. Kg3 Kg7 60. Rg6+ Kf7 61. Re6 Bf1 62. Rg6 Bd3 63. Kf4
Bc4 64. Rh6 Bf1 65. Kg5 Kg7 66. Rg6+ Kf7 67. Rh6 Kg7 68. Rg6+ Kf7 69. Rh6
Kg7 70. Rg6+ Kf8 71. f6 Bg2 72. Rh6 exf6+ 73. Kxf6 Kg8 74. Rg6+ Kf8 75. Rh6
Kg8 76. Rg6+ Kf8 77. Rh6 Kg8 78. Rg6+ Kf8 79. Rh6 Kg8 80. Rg6+ Kf8 81. Rh6
Kg8 82. Rg6+ Kf8 83. Rh6 Kg8 84. Rg6+ Kf8 85. Rh6 Kg8 86. Rg6+ Kf8 87. Rh6
Kg8 88. Rg6+ Kf8 89. Rh6 {Game drawn by repetition} 1/2-1/2

[Event "ICC tourney 1923 (15 5)"]
[Site "Internet Chess Club"]
[Date "2020.07.17"]
[Round "5"]
[White "AaditK"]
[Black "WCCRBS"]
[Result "0-1"]
[ICCResult "White checkmated"]
[WhiteElo "1111"]
[BlackElo "1291"]
[Opening "Giuoco Piano: Möller (Therkatz) attack"]
[ECO "C54"]
[NIC "IG.02"]
[Time "16:13:23"]
[TimeControl "900+5"]

1. e4 e5 2. Nf3 Nc6 3. Bc4 Bc5 4. c3 Nf6 5. d4 exd4 6. cxd4 Bb4+ 7. Nc3 Nxe4
8. O-O Bxc3 9. d5 O-O 10. dxc6 Bf6 11. cxd7 Qxd7 12. Qxd7 Bxd7 13. Bf4 Nc5
14. Bxc7 Bxb2 15. Rab1 Bf6 16. Bd6 Ne4 17. Bxf8 Rxf8 18. Rfe1 Nd6 19. Bb3
Bf5 20. Rbd1 Ne4 21. a4 Bc3 22. Re3 Re8 23. Rdd3 Rc8 24. Rd1 h6 25. Bc2 Nxf2
26. Kxf2 Bxc2 27. Rd7 Ba5 28. Ree7 Bb6+ 29. Kg3 Bxa4 30. Rxb7 Bc6 31. Rxa7
Bxa7 32. Rxa7 Bxf3 33. Kxf3 Rc3+ 34. Kf2 Rc2+ 35. Kf3 f6 36. Ra8+ Kh7 37.
Re8 Kg6 38. Re2 Rxe2 39. Kxe2 Kg5 40. Kf3 Kf5 41. Kg3 Kg5 42. Kf3 f5 43. Kg3
f4+ 44. Kf3 g6 45. h3 h5 46. g4 h4 47. Kf2 Kf6 48. Kf3 Ke5 49. Kf2 g5 50.
Kf3 Kd4 51. Kf2 Ke4 52. Ke2 f3+ 53. Kf2 Kf4 54. Kg1 Kg3 55. Kf1 Kxh3 56. Kf2
Kxg4 57. Kg1 Kg3 58. Kf1 g4 59. Kg1 Kh3 60. Kh1 g3 61. Kg1 g2 62. Kf2 Kh2
63. Kxf3 g1=Q 64. Ke4 Qg3 65. Kd4 Qf3 66. Ke5 Kg2 67. Kd4 h3 68. Ke5 h2 69.
Kd4 h1=Q 70. Ke5 Qe1+ 71. Kd4 Qfd1+ 72. Kc4 Qe8 73. Kc5 Qc8+ 74. Kb4 Qb1+
75. Ka5 Qa8# {White checkmated} 0-1

[Event "ICC tourney 1923 (15 5)"]
[Site "Internet Chess Club"]
[Date "2020.07.17"]
[Round "5"]
[White "Vidipkona"]
[Black "wulovechess"]
[Result "0-1"]
[ICCResult "White checkmated"]
[WhiteElo "1509"]
[BlackElo "1543"]
[Opening "Ruy Lopez: Möller defense"]
[ECO "C78"]
[NIC "RL.12"]
[Time "16:14:04"]
[TimeControl "900+5"]

1. e4 e5 2. Nf3 Nc6 3. Bb5 a6 4. Ba4 Nf6 5. O-O Bc5 6. d3 b5 7. Bb3 O-O 8.
c3 d5 9. exd5 Nxd5 10. Bc2 Bg4 11. Nbd2 Bb6 12. Re1 Qd7 13. Nf1 Rfe8 14. Ng3
Rad8 15. Bd2 Re6 16. a4 bxa4 17. Rxa4 Bxf3 18. gxf3 Rde8 19. Rxa6 Nf4 20.
Be3 Bxe3 21. fxe3 Nh3+ 22. Kg2 Rh6 23. Rh1 Rb8 24. b4 Qc8 25. Kf1 Qxa6 26.
Kg2 Qa3 27. Qd2 Rd8 28. Nf5 Rf6 29. Ng3 Ng5 30. Rf1 e4 31. fxe4 Rxf1 32.
Nxf1 Nxe4 33. Qe1 Nxc3 34. d4 Qb2 35. Qd2 Qxb4 36. Qd3 g6 37. Ng3 Ne5 38.
Qd2 Nc4 39. Qf2 Qb2 40. Kf3 Rd6 41. Ne4 Nxe4 42. Kxe4 Re6+ 43. Kd3 Nxe3 44.
Qd2 Qb5+ 45. Kc3 Rc6# {White checkmated} 0-1

[Event "ICC tourney 1923 (15 5)"]
[Site "Internet Chess Club"]
[Date "2020.07.17"]
[Round "5"]
[White "serenacool"]
[Black "arjun-venkat"]
[Result "1-0"]
[ICCResult "Black checkmated"]
[WhiteElo "1456"]
[BlackElo "1260"]
[Opening "Giuoco Piano: Greco's attack"]
[ECO "C54"]
[NIC "IG.02"]
[Time "16:13:11"]
[TimeControl "900+5"]

1. e4 e5 2. Nf3 Nc6 3. Bc4 Bc5 4. c3 Nf6 5. d4 exd4 6. cxd4 Bb4+ 7. Nc3
Bxc3+ 8. bxc3 O-O 9. Bg5 h6 10. Bh4 Re8 11. e5 d6 12. O-O dxe5 13. Qb3 Qd7
14. Bxf6 gxf6 15. Rfe1 Na5 16. Qb4 Nxc4 17. Qxc4 exd4 18. cxd4 Rxe1+ 19.
Rxe1 b6 20. h3 Bb7 21. Qc1 Bxf3 22. Qxh6 Re8 23. Rxe8+ Qxe8 24. gxf3 Qe6 25.
Qh4 Kf8 26. Qh6+ Ke7 27. Qf4 Qxh3 28. Qxc7+ Qd7 29. Qf4 Qd6 30. Qe4+ Qe6 31.
Qb7+ Qd7 32. Qe4+ Kf8 33. d5 Qe7 34. Qf4 Qe5 35. Qb4+ Kg7 36. d6 Qg5+ 37.
Kf1 Qc1+ 38. Ke2 Qc2+ 39. Qd2 Qxd2+ 40. Kxd2 Kf8 41. Ke3 Ke8 42. Ke4 Kd7 43.
Kd5 a6 44. f4 f5 45. a3 f6 46. f3 b5 47. Kc5 Kc8 48. Kc6 Kd8 49. Kb6 Kd7 50.
Kxa6 Kxd6 51. Kxb5 Kc7 52. Kc5 Kd7 53. a4 Kc7 54. a5 Kd7 55. a6 Kc7 56. a7
Kb7 57. Kd6 Kxa7 58. Ke6 Kb7 59. Kxf5 Kc7 60. Kxf6 Kd7 61. f5 Ke8 62. Kg7
Ke7 63. f6+ Ke6 64. f7 Ke5 65. f8=Q Kd4 66. f4 Ke4 67. f5 Kd5 68. f6 Ke6 69.
f7 Kd7 70. Qe8+ Kd6 71. f8=Q+ Kd5 72. Qf5+ Kd4 73. Qee4+ Kc3 74. Qff3+ Kd2
75. Qee2+ Kc1 76. Qff1# {Black checkmated} 1-0